 Dungeon Crawl Stone Soup version 0.31-a0-691-g409c26aa35 (webtiles) character file.

Game seed: 6959279391857045507

1269 gruber the Destroyer (level 8, -3/46 HPs)
             Began as an Octopode Conjurer on Sept 6, 2023.
             Was a Follower of Vehumet.
             Slain by a water moccasin (8 damage)
             ... on level 6 of the Dungeon.
             The game lasted 00:05:51 (6542 turns).

gruber the Destroyer (Octopode Conjurer)            Turns: 6542, Time: 00:05:52

Health: -3/46      AC:  1    Str:  7    XL:     8   Next: 53%
Magic:  6/15       EV: 13    Int: 22    God:    Vehumet [*.....]
Gold:   358        SH:  0    Dex: 10    Spells: 14/17 levels left

rFire   . . .        g - +0 dagger (speed)
rCold   . . .        (no shield)
rNeg    . . .        (helmet restricted)
rPois   .            (no amulet)
rElec   .            (no ring)
rCorr   .            (no ring)
SInv    .            (no ring)
Will    .....        (no ring)
Stlth   +++          (no ring)
HPRegen 0.27/turn    (no ring)
MPRegen 0.14/turn    (no ring)
                     (no ring)

%: no passive effects
@: lethally poisoned (-3 -> -34)
A: almost no armour, amphibious, 8 rings, camouflage 1, gelatinous body 1,
(nimble swimmer 1), tentacles
a: Renounce Religion


You were on level 6 of the Dungeon.
You worshipped Vehumet.
Vehumet was aware of your devotion.
You visited 2 branches of the dungeon, and saw 7 of its levels.

You collected 358 gold pieces.

Inventory:

Hand Weapons
 g - a +0 dagger of speed (weapon)
Missiles
 o - 31 poisoned darts
 p - a curare-tipped dart
Magical Staves
 k - a staff of cold
Wands
 m - a wand of flame (22)
 n - a wand of iceblast (4)
Scrolls
 b - 7 scrolls of identify {unknown}
 c - 3 scrolls of fog {unknown}
 d - 4 scrolls of teleportation {unknown}
 e - 2 scrolls of revelation {unknown}
 h - a scroll of brand weapon {unknown}
 j - 3 scrolls of enchant weapon {unknown}
 l - 3 scrolls of fear {unknown}
 q - a scroll of immolation {unknown}
 t - a scroll of silence {unknown}
 u - a scroll of blinking {unknown}
Potions
 a - a potion of magic
 f - 2 potions of heal wounds {unknown}
 i - 2 potions of curing {unknown}
 r - a potion of might {unknown}
 s - a potion of brilliance {unknown}
 v - a potion of ambrosia {unknown}


   Skills:
 - Level 2.0 Dodging
 - Level 2.6 Stealth
 - Level 5.1 Spellcasting
 + Level 9.5 Conjurations


You had 14 spell levels left.
You knew the following spells:

 Your Spells              Type           Power      Damage    Failure   Level
a - Magic Dart            Conj           100%       1d8       1%          1
b - Searing Ray           Conj           94%        2d7       1%          2

Your spell library contained the following spells:

 Spells                   Type           Power      Damage    Failure   Level
 Sandblast                Erth           10%        2d5       10%         1
 Dazzling Flash           Conj/Hex       52%        N/A       4%          3
 Summon Small Mammal      Summ           20%        N/A       10%         1
 Fulminant Prism          Conj/Hex       13%        3d8       14%         4
 Iskenderun's Mystic Bla  Conj/Tloc      26%        2d7       14%         4
 Blink                    Tloc           10%        N/A       16%         2
 Lesser Beckoning         Tloc           10%        N/A       16%         2
 Call Canine Familiar     Summ           5%         N/A       30%         3
 Gell's Gravitas          Tloc           5%         N/A       30%         3
 Summon Guardian Golem    Hex/Summ       5%         N/A       30%         3
 Teleport Other           Tloc           5%         N/A       30%         3
 Manifold Assault         Tloc           5%         N/A       69%         4


Dungeon Overview and Level Annotations

Branches:
Dungeon (6/15)             Temple (1/1) D:4

Altars:
Ashenzari
Dithmenos
Elyvilon
Fedhas
Hepliaklqana
Kikubaaqudgha
Nemelex Xobeh
Okawaru
Qazlal
Ru
Uskayaw
Vehumet
Wu Jian
Yredelemnul
Zin

Annotations:
D:6 1 runed translucent door, WhatIsLove's ghost, novice HOMo


Innate Abilities, Weirdness & Mutations

You cannot wear most types of armour.
You are amphibious.
You can wear up to eight rings at the same time.
Your skin changes colour to match your surroundings (Stealth+).
Your rubbery body absorbs attacks. (AC +1, EV +1)
((You are camouflaged when in or above water. (Stealth+)))
You have tentacles for arms and can constrict up to eight enemies at once.


Message History

Casting: Magic Dart (safe; 1% risk of failure)
Confirm with . or Enter, or press ? or * to list all spells.
Aiming: Searing Ray (safe; 1% risk of failure)
Press: ? - help, Shift-Dir - straight line, f/p - water moccasin
Aim: a water moccasin (lightly wounded, 70% to hit)
The searing ray misses the water moccasin. (Press . to maintain the ray.) Unknown command.
The searing ray hits the water moccasin!
The water moccasin is heavily wounded.
The searing ray misses the water moccasin.
The water moccasin closely misses you.
The searing ray hits the water moccasin.
The water moccasin is severely wounded.
You finish channelling your searing ray.
The water moccasin bites you!
You are poisoned.
The water moccasin poisons you! The water moccasin bites you.
You are more poisoned.
The water moccasin poisons you!
Unknown command.
Casting: Searing Ray (safe; 1% risk of failure)
Confirm with . or Enter, or press ? or * to list all spells.
Aiming: Searing Ray (safe; 1% risk of failure)
Press: ? - help, Shift-Dir - straight line, f/p - water moccasin
Aim: a water moccasin (severely wounded, 70% to hit)
The searing ray misses the water moccasin. (Press . to maintain the ray.)
You feel extremely sick. The water moccasin bites you.
You are more poisoned.
The water moccasin poisons you!
The searing ray hits the water moccasin!
The water moccasin is almost dead.
* * * LOW HITPOINT WARNING * * *
You feel extremely sick. The water moccasin bites you.
* * * LOW HITPOINT WARNING * * *
The water moccasin bites you!
You die...

####..........#.....# #......
..............+...... #......
..............#.....#######......
..............#..>..#............
..............#.....#............
####..........#.....#............
# #..........#.....#............
# #..........#.S..!#............
####..........#.@...#............
.......>......#.[...#............
..............'.....#....########
..............#.....#....#....#..
....######....#######....#....#..
##'##....#....#.....#....#....#..
#........#....+.....#....#....#..
#..#######....#.....'....#....#..
#..##..#......#.....#....##'###..


You could see a water moccasin.

Vanquished Creatures
  3 centaurs (D:6)
  A phantom (D:5)
  2 kobold brigands
  Blork the orc (D:5)
  2 scorpions (D:5)
  A howler monkey (D:5)
  An orc priest (D:5)
  4 hounds
  2 jellies (D:5)
  A sleepcap (D:4)
  5 iguanas
  Natasha (thrice) (D:2)
  4 adders
  A gnoll (D:1)
  An ufetubus (D:6)
  A worm (D:2)
  2 dart slugs
  4 orcs (D:5)
  7 ball pythons
  3 bats
  8 endoplasms
  3 giant cockroaches
  7 goblins
  8 hobgoblins
  6 jackals
  31 kobolds
  2 quokkas
  5 rats
119 creatures vanquished.

Notes
Turn   | Place    | Note
-------+----------+-------------------------------------------
     0 | D:1      | gruber the Octopode Conjurer began the quest for the Orb.
     0 | D:1      | Reached XP level 1. HP: 11/11 MP: 3/3
    96 | D:1      | Reached XP level 2. HP: 17/17 MP: 0/5
   382 | D:1      | Reached XP level 3. HP: 21/21 MP: 2/6
   385 | D:1      | Learned a level 2 spell: Searing Ray
  1195 | D:2      | Reached skill level 5 in Conjurations
  1301 | D:2      | Noticed Natasha
  1304 | D:2      | Killed Natasha
  1305 | D:2      | Reached XP level 4. HP: 27/27 MP: 3/7
  1446 | D:2      | Found a faded altar of an unknown god.
  1463 | D:2      | Noticed Natasha
  1473 | D:2      | Killed Natasha
  1474 | D:2      | Reached XP level 5. HP: 31/31 MP: 1/9
  1604 | D:2      | Noticed Natasha
  1611 | D:2      | Killed Natasha
  2849 | D:3      | Reached skill level 6 in Conjurations
  2962 | D:3      | You fall into a shaft and drop 3 floors!
  3015 | D:6      | Reached XP level 6. HP: 36/36 MP: 5/11
  3065 | D:6      | Noticed a water moccasin
  3474 | D:6      | Reached XP level 7. HP: 41/41 MP: 13/13
  3644 | D:5      | Entered Level 5 of the Dungeon
  3650 | D:5      | Reached skill level 5 in Spellcasting
  3745 | D:5      | Reached skill level 7 in Conjurations
  3793 | D:5      | Noticed Blork the orc
  3797 | D:5      | Killed Blork the orc
  3876 | D:4      | Found a staircase to the Ecumenical Temple.
  3947 | Temple   | Entered the Ecumenical Temple
  3961 | Temple   | Became a worshipper of Vehumet
  4179 | D:4      | Reached skill level 8 in Conjurations
  4179 | D:4      | Reached XP level 8. HP: 23/46 MP: 1/15
  4180 | D:4      | Reached * piety under Vehumet
  4180 | D:4      | Offered knowledge of Sandblast by Vehumet.
  4459 | D:4      | Found an iron altar of Okawaru.
  5439 | D:5      | Found a hazy altar of Hepliaklqana.
  5439 | D:5      | Found a basalt altar of Yredelemnul.
  5583 | D:5      | Reached skill level 9 in Conjurations
  6217 | D:6      | Found a runed translucent door.
  6239 | D:6      | Found a sacrificial altar of Ru.
  6278 | D:6      | Noticed WhatIsLove's ghost (novice HOMo)
  6281 | D:6      | Found the +3 salamander hide armour {Flames, rFlCloud rF++
                  | rC--}
  6542 | D:6      | Slain by a water moccasin

Illustrated notes

Levels and vault maps discovered:
D:1:      dpeg_arrival_houses_and_road, layout_basic
D:2:      layout_rooms, ebering_ecumenical_altar_box, uniq_natasha
D:3:      layout_basic
D:4:      kennysheep_kobold_camp, layout_loops_ring,
          kennysheep_okawaru_gauntlet, minmay_temple_entry_ruins
D:5:      layout_cave_pools, gammafunk_temple_overflow_statue,
          uniq_blork_the_orc
D:6:      nicolae_whirlpool, layout_gridville, hangedman_ru_absence,
          ebering_ghost_reflecting_pool
Temple:   grunt_temple_mini_profane

Skill      XL: |  1  2  3  4  5  6  7  8 |
---------------+-------------------------+-----
Conjurations   | 5 6 8 9 |  9.5
Spellcasting   | 3 4 5 |  5.1
Dodging        | |  2.0
Stealth        | |  2.6

Action                     |  1- 3 |  4- 6 |  7- 9 || total
---------------------------+-------+-------+-------++-------
  Melee: Unarmed           |    17 |       |       ||    17
         Tentacles         |     5 |     6 |     3 ||    14
         Constrict         |     4 |     5 |     4 ||    13
         Dagger            |       |    17 |    15 ||    32
   Cast: Magic Dart        |    58 |    44 |    80 ||   182
         Searing Ray       |       |     6 |    20 ||    26
  Evoke: Wand              |       |     5 |     2 ||     7
   Stab: Sleeping          |       |     2 |       ||     2
         Distracted        |       |       |     1 ||     1
 Armour: Skin              |     5 |    10 |    28 ||    43
  Dodge: Dodged            |    13 |    18 |    25 ||    56

Table legend: (Time is in decaauts)
 A = Elapsed time spent in this place.
 B = Non-inter-level travel time spent in this place.
 C = Inter-level travel time spent in this place.
 D = Time resting spent in this place.
 E = Time spent auto-exploring this place.
 F = Levels seen in this place.
 G = Mean time per level.
                   A        B        C        D        E       F      G
               +--------+--------+--------+--------+--------+-----+--------+
         Total |   6539 |   6319 |    220 |    197 |   5375 |   7 |  934.1 |
       Dungeon |   6513 |   6318 |    195 |    197 |   5375 |   6 | 1085.5 |
        Temple |     26 |      1 |     25 |      0 |      0 |   1 |   26.0 |
               +--------+--------+--------+--------+--------+-----+--------+

Top non-repeatable levels by time:
     D:6: 1301 daAuts
     D:3: 1230 daAuts
     D:5: 1045 daAuts
     D:1: 1037 daAuts
     D:4: 987 daAuts
     D:2: 910 daAuts
  Temple: 26 daAuts
